Map: Prion Terraces

Players

MorN - Winner!

  • Race: Terran Terran
  • League: Diamond

Rocky

  • Race: Zerg Zerg
  • League: Platinum

VOD

Have the link to the VOD?

Description

Time

  • Played on: Nov. 13, 2015, 10:48 p.m.
  • Length: 12:31
Show
View Real Time Build Order
Export as new Build Order

MorN Terran - Winner!

Build Orders: Liberator Opening, Reaper Expand, MMM Bio 

Get SALT Encoding   

  12  0:01  SCV  
  13  0:13  SCV  
  14  0:22  Supply Depot  
  14  0:25  SCV  
  15  0:43  SCV  
  15  0:44  Barracks  
  15  0:47  Refinery  
  16  0:55  SCV  
  17  1:15  SCV  
  18  1:32  Orbital Command  
  18  1:35  Reaper  
  19  1:42  Command Center  
  19  1:53  Supply Depot  
  19  1:54  Refinery  
  19  2:00  SCV  
  20  2:12  SCV, Barracks Reactor  
  21  2:26  Factory  
  21  2:29  SCV  
  22  2:49  SCV  
  22  2:50  Marine x2  
  25  2:56  Orbital Command  
  25  3:01  SCV  
  26  3:11  Starport  
  26  3:16  Hellion x2  
  26  3:18  Barracks Tech Lab  
  30  3:22  SCV  
  30  3:24  SCV  
  32  3:34  SCV  
  32  3:37  Hellion, Liberator  
  32  3:38  Armory, Hellion  
  32  3:41  Stimpack, Marine  
  38  3:45  SCV  
  39  3:52  Supply Depot  
  42  3:57  SCV  
  42  3:58  SCV  
  42  4:02  Hellion  
  46  4:13  Marine  
  46  4:14  SCV, Hellion  
  46  4:15  Supply Depot  
  46  4:16  SCV  
  51  4:26  SCV  
  51  4:27  Hellion  
  54  4:31  Terran Vehicle Weapons Level 1  
  54  4:36  Marine  
  54  4:37  Hellion  
  57  4:47  SCV  
  57  4:48  SCV  
  57  4:52  Supply Depot  
  59  4:55  Marauder  
  59  4:56  Liberator  
  60  5:06  SCV  
  61  5:11  SCV, Bunker  
  65  5:14  Engineering Bay  
  65  5:16  Refinery, Engineering Bay  
  65  5:17  Hellion x2, Refinery  
  65  5:18  SCV  
  70  5:29  Supply Depot  
  70  5:37  Supply Depot  
  70  5:49  Supply Depot  
  70  5:50  SCV x2  
  70  5:51  Hellion x2, Marauder  
  78  5:58  Terran Infantry Weapons Level 1, Terran Infantry Armor Level 1  
  78  6:03  SCV x2  
  80  6:05  Command Center  
  80  6:15  SCV  
  80  6:18  Combat Shields  
  81  6:23  Barracks  
  81  6:24  Barracks  
  79  6:26  Factory Reactor  
  79  6:30  SCV x2  
  79  6:32  Supply Depot  
  71  6:44  Barracks  
  71  6:45  Barracks  
  69  6:47  SCV  
  69  6:50  Supply Depot, Starport Reactor, Marauder  
  69  6:52  SCV  
  73  6:56  Terran Vehicle Weapons Level 2  
  73  6:59  Supply Depot, SCV  
  74  7:06  SCV  
  75  7:11  SCV  
  75  7:12  Supply Depot  
  76  7:18  SCV  
  76  7:20  Marine x4  
  76  7:21  Orbital Command, Marine  
  82  7:23  Factory Reactor  
  82  7:28  Supply Depot  
  82  7:31  Medivac x2  
  82  7:32  Barracks Reactor  
  82  7:33  Barracks Reactor  
  86  7:39  Marine x2  
  86  7:40  Supply Depot  
  88  7:51  SCV  
  89  7:52  Terran Infantry Weapons Level 2  
  89  7:53  Supply Depot, Terran Infantry Armor Level 2  
  89  7:54  Orbital Command  
  89  7:59  Concussive Shells  
  89  8:00  Marine x5  
  94  8:09  SCV x2  
  96  8:17  Marine x4  
  96  8:18  Marine  
  101  8:27  Medivac x2  
  100  8:30  Marine x4  
  100  8:33  SCV  
  104  8:35  Marine x2  
  104  8:36  Marine x2  
  108  8:41  Marine  
  108  8:45  SCV x2  
  108  8:48  Supply Depot, Marine x3  
  112  8:49  Supply Depot  
  114  8:56  Marauder, Marine  
  114  8:58  SCV x2  
  114  8:59  Marine x2  
  114  9:00  Supply Depot, Widow Mine x2, Marine  
  114  9:02  Medivac x2  
  130  9:08  Barracks  
  126  9:18  Marauder  
  126  9:21  Marine x4  
  128  9:26  Barracks x2  
  128  9:30  Marine  
  125  9:36  Widow Mine x2, Medivac  
  131  9:39  SCV x2, Marauder  
  131  9:40  SCV  
  132  9:50  Marine x3  
  135  9:59  Marine x2  
  136  10:01  SCV, Marauder  
  136  10:02  Refinery  
  136  10:04  Refinery, Marine x3  
  136  10:06  Command Center  
  134  10:08  Marine  
  134  10:10  Barracks Tech Lab  
  123  10:14  Supply Depot  
  123  10:18  Marine  
  123  10:19  Marine x3  
  123  10:20  Supply Depot  
  123  10:21  Medivac  
  131  10:22  Marauder  
  133  10:29  Marine x3  
  133  10:31  Barracks Reactor  
  133  10:32  Barracks Reactor  
  133  10:33  Marauder  
  132  10:43  Marauder  
  132  10:44  Marine x3  
  132  10:46  Marine x2  
  139  10:50  SCV x2  
  139  10:54  Marauder  
  134  10:59  Widow Mine x2, Marine x3  
  134  11:02  Supply Depot, Marine  
  134  11:03  Medivac x2  
  139  11:05  Marauder  
  136  11:16  Marauder  
  136  11:17  SCV  
  137  11:19  Supply Depot  
  120  11:26  Marauder  
  120  11:28  Widow Mine x2, Marine x5  
  120  11:29  Marine x4  
  121  11:33  Medivac  
  121  11:37  Marauder  
  120  11:41  Marine x3  
  120  11:45  Marine, Medivac  
  120  11:46  Marine  
  125  11:47  Marauder  
  125  11:52  Marine x3  
  130  11:54  Supply Depot  
  130  11:56  Widow Mine  
  130  11:57  Widow Mine  
  130  11:59  Marauder  
  136  12:02  Marine x3  
  136  12:03  Marine x3  
  138  12:09  Marauder  
Show
View Real Time Build Order
Export as new Build Order

Rocky Zerg 

Build Orders: Hatch First 

Get SALT Encoding   

  12  0:01  Drone  
  13  0:12  Overlord  
  13  0:17  Drone  
  14  0:31  Drone x2  
  16  0:36  Drone  
  17  0:47  Drone  
  18  0:56  Hatchery  
  17  0:59  Drone  
  18  1:13  Spawning Pool  
  18  1:16  Extractor  
  18  1:17  Drone  
  17  1:20  Drone  
  18  1:29  Overlord  
  18  1:39  Drone  
  19  1:51  Drone  
  20  2:00  Drone  
  21  2:01  Queen  
  23  2:10  Drone  
  23  2:13  Drone  
  23  2:14  Queen  
  27  2:18  Metabolic Boost  
  27  2:20  Zergling x2  
  27  2:22  Zergling x2  
  29  2:31  Drone  
  29  2:34  Drone  
  31  2:39  Extractor  
  31  2:43  Drone  
  31  2:44  Drone  
  30  2:56  Drone x2  
  32  3:05  Drone x2  
  34  3:13  Drone  
  34  3:16  Overlord  
  35  3:23  Drone, Roach Warren  
  35  3:24  Drone  
  35  3:26  Overlord  
  35  3:27  Overlord x2  
  36  3:39  Drone x3  
  39  3:43  Hatchery  
  39  3:44  Drone  
  39  3:47  Drone  
  40  3:52  Drone  
  40  3:55  Lair  
  41  3:56  Drone x2  
  41  3:58  Drone, Extractor  
  41  4:00  Drone  
  44  4:09  Roach x2  
  50  4:10  Roach  
  50  4:11  Roach  
  50  4:15  Extractor  
  51  4:17  Drone, Extractor  
  51  4:21  Drone  
  52  4:30  Roach x2  
  55  4:32  Drone  
  56  4:40  Drone x3  
  59  4:49  Spine Crawler  
  59  4:50  Drone  
  58  4:55  Evolution Chamber  
  58  5:00  Drone  
  58  5:06  Drone x2  
  59  5:08  Spore Crawler  
  59  5:10  Spore Crawler, Queen  
  59  5:11  Queen  
  61  5:20  Spire  
  60  5:26  Spore Crawler  
  59  5:28  Drone  
  59  5:29  Drone x2  
  59  5:31  Roach  
  59  5:32  Roach  
  59  5:33  Overlord  
  66  5:42  Zerg Missile Weapons Level 1, Glial Reconstitution  
  66  5:47  Drone x2  
  68  6:00  Hydralisk Den  
  68  6:01  Ravager  
  68  6:23  Hatchery  
  65  6:28  Roach  
  65  6:39  Corruptor x2  
  67  6:40  Corruptor  
  67  6:48  Overlord  
  67  6:49  Overlord x2  
  67  7:06  Corruptor  
  67  7:07  Overlord  
  67  7:08  Overlord x2  
  69  7:15  Corruptor  
  69  7:16  Corruptor x3  
  77  7:30  Hatchery  
  76  7:46  Muscular Augments  
  76  7:47  Hydralisk x5  
  76  7:50  Drone  
  87  7:54  Drone x2  
  87  7:55  Drone  
  90  8:00  Drone x2  
  90  8:03  Drone x2  
  94  8:09  Drone x2  
  94  8:10  Drone  
  97  8:15  Zerg Missile Weapons Level 2  
  97  8:28  Drone x4  
  97  8:29  Drone  
  104  8:41  Roach x3  
  104  8:42  Roach x3  
  103  8:49  Roach  
  103  8:55  Roach  
  97  8:56  Roach  
  97  8:59  Roach  
  97  9:00  Roach x2  
  97  9:01  Roach  
  111  9:07  Overlord x2  
  107  9:22  Roach  
  107  9:23  Roach  
  107  9:25  Roach  
  107  9:26  Roach x2  
  101  9:33  Roach x3  
  101  9:38  Roach x2  
  107  9:44  Roach x3  
  113  9:55  Roach x2  
  113  9:59  Roach  
  121  10:00  Roach x2  
  121  10:01  Hatchery  
  121  10:06  Roach x2  
  112  10:14  Hydralisk x2  
  106  10:17  Hydralisk  
  106  10:18  Hydralisk  
  114  10:24  Hydralisk x2  
  118  10:31  Hydralisk  
  118  10:34  Hydralisk  
  116  10:43  Hydralisk  
  116  10:48  Overseer  
  110  10:50  Hydralisk x3  
  110  10:51  Hydralisk  
  110  10:59  Hydralisk  
  110  11:00  Hydralisk  
  108  11:06  Hydralisk  
  108  11:08  Zergling x4  
  108  11:11  Roach  
  108  11:14  Roach  
  95  11:19  Roach  
  92  11:29  Roach  
  92  11:30  Roach  
  94  11:39  Roach  
  92  11:49  Drone x2  
  92  11:51  Roach  
  96  11:58  Roach  
  86  12:10  Roach  
  86  12:11  Roach  
Tags
 
Add a new tag
Caveats
  • Supply blocks, unpowered buildings, or Contaminate may cause inaccurate times.
  • Supply counts are checked every 10 seconds.